Map: Blueshift LE

Players

Serral - Winner!

  • Race: Zerg Zerg
  • Spawn Location: 7:00

sOs

  • Race: Protoss Protoss
  • Spawn Location: 1:00

Event: 2018 WCS Global Finals

VOD

Have the link to the VOD?

Description

Time

  • Played on: Oct. 26, 2018, 3:05 p.m.
  • Length: 8:24

All games in this series

Show
View Real Time Build Order
Export as new Build Order

Serral Zerg - Winner!

Build Orders: Hatch First 

Get SALT Encoding   

  12  0:00  Drone  
  13  0:12  Overlord  
  13  0:16  Drone  
  14  0:40  Hatchery  
  13  0:44  Drone  
  13  0:48  Drone  
  15  0:52  Drone  
  16  1:06  Drone  
  17  1:16  Drone, Spawning Pool  
  17  1:17  Extractor  
  16  1:19  Drone  
  17  1:27  Drone  
  18  1:38  Drone  
  19  1:49  Drone  
  20  2:02  Queen x2  
  20  2:03  Overlord, Zergling x2  
  20  2:04  Drone  
  26  2:10  Drone  
  26  2:14  Drone  
  28  2:18  Metabolic Boost  
  28  2:24  Drone x2  
  30  2:31  Drone  
  31  2:43  Hatchery  
  30  2:48  Overlord  
  29  2:54  Queen  
  29  2:57  Drone  
  32  2:58  Zergling x2  
  32  3:01  Zergling x2  
  32  3:04  Zergling x2  
  35  3:07  Zergling x2  
  35  3:10  Drone x2  
  38  3:13  Overlord  
  38  3:16  Zergling x2  
  38  3:19  Drone  
  40  3:21  Drone x2  
  40  3:25  Drone  
  42  3:28  Drone  
  42  3:32  Queen  
  45  3:35  Overlord  
  45  3:41  Drone x2  
  45  3:44  Overlord  
  45  3:47  Zergling x2  
  48  3:50  Overlord  
  48  3:53  Overlord  
  47  3:56  Drone  
  47  3:59  Queen  
  50  4:06  Roach Warren  
  50  4:07  Drone  
  50  4:08  Drone  
  51  4:11  Zergling x2  
  51  4:13  Zergling x2  
  51  4:14  Drone  
  51  4:15  Drone  
  55  4:18  Drone x2  
  55  4:20  Drone  
  58  4:25  Extractor  
  58  4:26  Extractor  
  58  4:27  Lair  
  58  4:28  Drone  
  57  4:32  Drone x2  
  57  4:38  Drone x3  
  62  4:44  Overlord  
  62  4:46  Overlord  
  62  4:49  Drone  
  62  4:51  Roach x3  
  69  4:57  Roach x2  
  72  5:07  Roach x4  
  72  5:11  Overlord  
  80  5:14  Drone x2  
  80  5:15  Roach  
  80  5:16  Roach  
  80  5:19  Overlord  
  86  5:23  Roach x2  
  89  5:29  Overlord  
  89  5:34  Ravager x2  
  89  5:35  Zergling x12  
  97  5:37  Ravager  
  98  5:44  Zergling x12  
  98  5:45  Ravager  
  106  5:50  Zergling x6  
  106  5:53  Zergling x6  
  110  6:06  Overlord x2  
  110  6:07  Queen x2  
  110  6:10  Glial Reconstitution  
  114  6:13  Roach x2  
  114  6:15  Ravager  
  119  6:21  Overlord x2  
  119  6:28  Roach x4  
  127  6:36  Overlord  
  127  6:38  Drone x3, Extractor  
  127  6:39  Baneling Nest  
  125  6:41  Evolution Chamber  
  125  6:43  Drone x2  
  126  6:49  Queen  
  126  6:50  Overlord  
  126  6:52  Overlord  
  126  6:53  Ravager x2  
  130  6:58  Drone x3  
  130  6:59  Drone  
  134  7:04  Drone x2  
  134  7:08  Extractor  
  135  7:09  Overlord  
  135  7:10  Drone  
  135  7:22  Overlord  
  135  7:36  Zergling x16, Roach x4  
  151  7:41  Baneling x6  
  151  7:46  Baneling x7  
  151  7:48  Zergling x14  
  158  7:52  Baneling x4  
  158  7:57  Baneling x3  
  158  8:00  Zergling x6  
  158  8:04  Baneling  
  158  8:05  Baneling x3, Zergling x4  
Show
View Real Time Build Order
Export as new Build Order

sOs Protoss 

Build Orders: 1 Gate Expand, Archon Immortal, Zealot Archon 

Get SALT Encoding   

  12  0:00  Probe  
  13  0:13  Pylon  
  13  0:15  Probe  
  14  0:23  Probe  
  15  0:31  Probe  
  15  0:38  Gateway  
  16  0:43  Probe  
  16  0:48  Assimilator  
  17  0:55  Probe  
  18  1:07  Probe  
  19  1:20  Probe  
  20  1:27  Nexus  
  20  1:34  Cybernetics Core  
  20  1:37  Probe  
  21  1:43  Assimilator  
  21  1:49  Probe  
  21  1:52  Pylon  
  22  2:01  Probe  
  22  2:02  Adept  
  23  2:14  Probe  
  26  2:19  Robotics Facility  
  26  2:24  Warp Gate  
  26  2:26  Probe  
  27  2:30  Adept  
  29  2:37  Probe  
  29  2:40  Probe  
  31  2:45  Probe  
  32  2:52  Probe  
  32  2:54  Probe  
  32  2:57  Stalker  
  32  2:58  Warp Prism  
  36  3:07  Probe x2  
  40  3:15  Pylon  
  40  3:19  Probe  
  41  3:29  Probe  
  41  3:30  Sentry  
  41  3:31  Probe, Observer  
  46  3:41  Pylon  
  46  3:44  Probe x2  
  46  3:46  Gateway  
  46  3:47  Immortal  
  50  4:01  Probe x2  
  52  4:06  Gateway  
  52  4:07  Gateway  
  52  4:16  Probe  
  53  4:17  Immortal  
  53  4:22  Probe  
  53  4:23  Pylon  
  54  4:24  Assimilator  
  54  4:28  Assimilator, Probe  
  59  4:37  Sentry  
  61  4:39  Probe  
  61  4:41  Probe  
  63  4:47  Gateway  
  63  4:48  Gateway  
  63  4:49  Immortal  
  63  4:50  Pylon  
  63  4:58  Sentry  
  69  5:09  Sentry x2  
  73  5:15  Pylon, Observer  
  73  5:17  Probe x2  
  73  5:18  Sentry  
  77  5:25  Observer  
  77  5:33  Immortal  
  77  5:34  Pylon  
  82  5:42  Probe  
  82  5:46  Pylon  
  82  5:50  Zealot x2  
  82  5:52  Pylon  
  82  5:55  Forge, Twilight Council  
  86  5:57  Zealot x3  
  86  6:02  Charge  
  92  6:10  Protoss Ground Weapons Level 1  
  92  6:17  Immortal  
  96  6:32  Templar Archives  
  96  6:43  Gateway  
  96  6:47  Gateway  
  96  6:48  Nexus  
  96  6:55  Zealot x3  
  96  6:56  Zealot  
  96  6:59  Zealot x2  
  108  7:04  Pylon  
  108  7:07  Pylon  
  108  7:08  Observer  
  108  7:20  Pylon  
  108  7:24  High Templar x3  
  108  7:25  High Templar, Zealot x2  
  108  7:28  Archon x2  
  120  7:38  Pylon  
  120  7:43  Zealot x2  
  124  7:50  High Templar x2  
  128  7:54  Archon  
  128  7:56  Zealot x2  
  128  7:57  Zealot x2  
Tags
 
Add a new tag
Caveats
  • Supply blocks, unpowered buildings, or Contaminate may cause inaccurate times.
  • Supply counts are checked every 10 seconds.